 Dungeon Crawl Stone Soup version 0.28.0 (webtiles) character file.

Game seed: 12521371243753599755

40 fragbeetle the Chopper (level 3, -1/31 HPs)
             Began as a Hill Orc Fighter on Feb 10, 2022.
             Slain by a gnoll (5 damage)
             ... on level 2 of the Dungeon.
             The game lasted 00:01:01 (1109 turns).

fragbeetle the Chopper (Hill Orc Fighter)           Turns: 1109, Time: 00:01:02

Health: -1/31      AC:  6    Str: 20    XL:     3   Next: 50%
Magic:  3/3        EV:  9    Int:  8    God:
Gold:   137        SH:  4    Dex: 10    Spells: 2/2 levels left

rFire   . . .      SeeInvis .   a - +0 war axe
rCold   . . .      Faith    .   c - +0 buckler
rNeg    . . .      Spirit   .   b - +0 scale mail
rPois   .          Reflect  .   (no helmet)
rElec   .          Harm     .   (no cloak)
rCorr   .          Rampage  .   (no gloves)
Will    .....                   (no boots)
Stlth   ..........              (no amulet)
HPRegen 0.10/turn               (no ring)
MPRegen 0.08/turn               (no ring)

@: no status effects
A: no striking features
a: no special abilities


You were on level 2 of the Dungeon.
You visited 1 branch of the dungeon, and saw 2 of its levels.

You collected 137 gold pieces.

Inventory:

Hand Weapons
 a - a +0 war axe (weapon)
Missiles
 g - 12 sling bullets
Armour
 b - a +0 scale mail (worn)
 c - a +0 buckler (worn)
Jewellery
 i - a ring of protection from cold
Scrolls
 e - a scroll of noise {unknown}
 f - a scroll of amnesia {unknown}
 h - 2 scrolls of teleportation {unknown}
 k - a scroll of vulnerability {unknown}
Potions
 d - a potion of might
 j - a potion of mutation {unknown}


   Skills:
 - Level 3.6 Fighting
 * Level 5.1 Axes
 - Level 3.2 Armour
 - Level 3.2 Shields


You had 2 spell levels left.
You didn't know any spells.
Your spell library was empty.

Dungeon Overview and Level Annotations

Branches:
Dungeon (2/15)

Altars:


Message History

The gnoll is heavily wounded.
The gnoll barely misses you. You block the gnoll's attack.
You closely miss the gnoll.
The gnoll is heavily wounded.
The gnoll hits you but does no damage. You block the gnoll's attack.
You hit the gnoll but do no damage.
The gnoll is heavily wounded.
The gnoll barely misses you.
The gnoll hits you from afar with a +0 spear.
The gnoll hits you with a +0 club.
You hit the gnoll.
The gnoll is severely wounded.
The gnoll completely misses you. The gnoll hits you but does no damage.
The gnoll hits you from afar with a +0 spear.
You hit the gnoll.
The gnoll is almost dead.
The gnoll hits you with a +0 club.
The gnoll hits you from afar with a +0 spear.
You closely miss the gnoll.
The gnoll is almost dead.
The gnoll hits you but does no damage.
The gnoll hits you from afar with a +0 spear.
The gnoll hits you with a +0 club.
You are too injured to fight recklessly!
You are too injured to fight recklessly!
You are too injured to fight recklessly!
You hit the gnoll.
You kill the gnoll!
You block the gnoll's attack. The gnoll closely misses you.
Your Axes skill increases to level 5!
The gnoll hits you with a +0 spear.
* * * LOW HITPOINT WARNING * * *
Things that are here:
a +0 club; a +0 whip; a gnoll corpse You barely miss the gnoll.
You block the gnoll's attack.
You closely miss the gnoll. The gnoll barely misses you.
You barely miss the gnoll. The gnoll hits you with a +0 spear.
* * * LOW HITPOINT WARNING * * *
You closely miss the gnoll. The gnoll hits you with a +0 spear.
You die...

#.# ### #.# ..# #. ...
#.# #.. ... #.# #.#
#.# #.# #.# #.# #.#
#.# #g# # #.# #.# #@#
. ##.## #.###.# #.
##...## #..†..#
###.##.#.#.#
#.##...............##.
#.##.########.....##.#
#.##.# ####..#.##
#.##.# #...## #.##.#
#..## #.##.# ######..#


You could see a gnoll.

Vanquished Creatures
  2 gnolls (D:2)
  4 ball pythons
  An endoplasm (D:2)
  A giant cockroach (D:1)
  A goblin (D:1)
  3 hobgoblins
  A quokka (D:2)
  2 bats (D:1)
  5 kobolds
  2 rats (D:1)
22 creatures vanquished.

Vanquished Creatures (others)
  5 fungi (D:1)
  5 toadstools (D:1)
10 creatures vanquished.

Grand Total: 32 creatures vanquished

Notes
Turn   | Place    | Note
-------+----------+-------------------------------------------
     0 | D:1      | fragbeetle the Hill Orc Fighter began the quest for the
                  | Orb.
     0 | D:1      | Reached XP level 1. HP: 19/19 MP: 1/1
    83 | D:1      | Reached skill level 3 in Axes
   188 | D:1      | Reached XP level 2. HP: 22/26 MP: 2/2
   607 | D:1      | Reached skill level 4 in Axes
  1097 | D:2      | Reached XP level 3. HP: 31/31 MP: 3/3
  1105 | D:2      | Reached skill level 5 in Axes
  1109 | D:2      | Slain by a gnoll

Illustrated notes

Levels and vault maps discovered:
D:1:      evilmike_arrival_crescent, layout_loops_ring,
          shapermc_ecumenical_altar_petra, minmay_gold_behind_fungi,
          minivault_23
D:2:      layout_loops_ring

Skill      XL: |  1  2  3 |
---------------+----------+-----
Axes           | 3 4 5 |  5.1
Fighting       | |  3.6
Armour         | |  3.2
Shields        | |  3.2

Action                   || total
-------------------------++-------
Melee: War axe           ||    66
Armor: Scale mail        ||    23
Dodge: Dodged            ||    25
Block: Buckler           ||    16
